 Dungeon Crawl Stone Soup version 0.27-a0-1193-g8631133539 (webtiles) character file.

Game seed: 532086092432592114

68935 mandarbmax the Severer (level 15, -2/122 HPs)
             Began as a Formicid Fighter on May 25, 2021.
             Was a Believer of Uskayaw.
             Killed by divine providence
             ... invoked by an orc priest
              (12 damage)
             ... on level 13 of the Dungeon on May 27, 2021.
             The game lasted 00:52:50 (23345 turns).

mandarbmax the Severer (Formicid Fighter)          Turns: 23345, Time: 00:52:50

Health: -2/122     AC: 20    Str: 24    XL:     15   Next: 72%
Magic:  9/22       EV: 12    Int:  9    God:    Uskayaw [**....]
Gold:   1330       SH: 18    Dex: 18    Spells: 14/14 levels left

rFire    + . .     SeeInvis +   y - +9 broad axe (flame)
rCold    . . .     Faith    .   c - +0 kite shield
rNeg     . . .     Spirit   .   O - +3 chain mail {rF+}
rPois    .         Reflect  +   (helmet unavailable)
rElec    .         Harm     .   r - +0 cloak
rCorr    .         Rampage  .   f - +0 pair of gloves
Will     +....                  h - +1 pair of boots
Stlth    ..........             N - amulet of reflection
HPRegen  0.30/turn              n - +4 ring of evasion
MPRegen  0.18/turn              s - +6 ring of dexterity

@: no status effects
A: permanent stasis, dig shafts and tunnels, antennae 3, four strong arms
a: Dig, Shaft Self, Renounce Religion, Stomp, Line Pass


You were on level 13 of the Dungeon.
You worshipped Uskayaw.
Uskayaw was aware of your devotion.
You visited 3 branches of the dungeon, and saw 20 of its levels.
You also visited: Sewer, Ossuary, Ice Cave and Volcano.

You collected 1540 gold pieces.
You spent 210 gold pieces at shops.

Inventory:

Hand Weapons
 y - a +9 broad axe of flaming (weapon)
Missiles
 d - 4 atropa-tipped darts
 j - 4 boomerangs of dispersal
 o - 9 boomerangs
 x - 75 poisoned darts
 z - a curare-tipped dart
 B - 6 javelins (quivered)
 D - 2 throwing nets
Armour
 c - a +0 kite shield (worn)
 f - a +0 pair of gloves (worn)
 h - a +1 pair of boots (worn)
 r - a +0 cloak (worn)
 O - a +3 chain mail of fire resistance (worn)
Jewellery
 e - a ring of ice
 n - a +4 ring of evasion (left hand)
 s - a +6 ring of dexterity (right hand)
 t - a ring of positive energy
 L - a ring of fire
 N - an amulet of reflection (around neck)
 R - a ring of protection from cold
Wands
 a - a wand of flame (21)
 p - a wand of polymorph (5)
 H - a wand of mindburst (8)
Scrolls
 k - 5 scrolls of fog
 l - 2 scrolls of amnesia
 m - 4 scrolls of fear
 u - 3 scrolls of identify
 A - a scroll of brand weapon
 C - 4 scrolls of immolation
 F - 3 scrolls of vulnerability
 G - 2 scrolls of torment
 I - 3 scrolls of summoning
 M - 4 scrolls of silence
 P - a scroll of acquirement
 Q - 3 scrolls of enchant weapon
Potions
 g - 2 potions of lignification
 i - 10 potions of curing
 q - a potion of resistance
 v - 4 potions of attraction
 w - 2 potions of flight
 E - 2 potions of mutation
 J - 2 potions of magic
 K - 3 potions of brilliance
 S - a potion of might


   Skills:
 + Level 12.8 Fighting
 - Level 15.0 Axes
 - Level 13.0 Throwing
 - Level 12.0 Armour
 - Level 11.0 Shields
 - Level 10.0 Invocations


You had 14 spell levels left.
You didn't know any spells.
Your spell library contained the following spells:

 Spells                   Type           Power      Damage    Failure   Level
 Apportation              Tloc           0%         N/A       89%         1
 Foxfire                  Conj/Fire      0%         2x1d4     89%         1
 Magic Dart               Conj           0%         1d3       89%         1
 Sandblast                Erth           0%         2d4       89%         1
 Shock                    Conj/Air       0%         1d3       89%         1
 Sting                    Tmut/Pois      0%         1d3       89%         1
 Corpse Rot               Necr/Air       N/A        N/A       96%         2
 Ensorcelled Hibernation  Hex/Ice        0%         N/A       96%         2
 Poisonous Vapours        Pois/Air       0%         N/A       96%         2
 Searing Ray              Conj           0%         3d3       96%         2
 Static Discharge         Conj/Air       0%         N/A       96%         2
 Sublimation of Blood     Necr           0%         N/A       96%         2
 Conjure Flame            Conj/Fire      0%         6-21      99%         3
 Dazzling Flash           Conj/Hex       0%         N/A       99%         3
 Gell's Gravitas          Tloc           0%         N/A       99%         3
 Ignite Poison            Fire/Tmut/Pois 0%         N/A       99%         3
 Inner Flame              Hex/Fire       0%         N/A       99%         3
 Lesser Beckoning         Tloc           0%         N/A       99%         3
 Mephitic Cloud           Conj/Pois/Air  0%         N/A       99%         3
 Portal Projectile        Hex/Tloc       0%         N/A       99%         3
 Tukima's Dance           Hex            0%         N/A       99%         3
 Airstrike                Air            0%         N/A       100%        4
 Dispel Undead            Necr           0%         3d6       100%        4
 Fulminant Prism          Conj/Hex       0%         3d6       100%        4
 Iskenderun's Mystic Bla  Conj/Tloc      0%         2d3       100%        4
 Olgreb's Toxic Radiance  Pois           0%         N/A       100%        4
 Passage of Golubria      Tloc           N/A        N/A       100%        4
 Sticky Flame             Conj/Fire      0%         2d3       100%        4
 Agony                    Necr           0%         N/A       100%        5
 Alistair's Intoxication  Tmut/Pois      0%         N/A       100%        5
 Excruciating Wounds      Necr           0%         N/A       100%        5
 Fireball                 Conj/Fire      0%         3d3       100%        5
 Irradiate                Conj/Tmut      0%         3d13      100%        5
 Lightning Bolt           Conj/Air       0%         1d11      100%        5
 Manifold Assault         Tloc           0%         N/A       100%        5
 Blade Hands              Tmut           0%         N/A       100%        6
 Dispersal                Tloc           0%         N/A       100%        6
 Invisibility             Hex            0%         N/A       100%        6
 Statue Form              Tmut/Erth      0%         N/A       100%        6
 Dragon Form              Tmut           0%         N/A       100%        7
 Disjunction              Tloc           0%         N/A       100%        8
 Swiftness                Air            Unusable   N/A       N/A         3

Dungeon Overview and Level Annotations

Branches:
Dungeon (13/15)            Temple (1/1) D:7            Lair (6/6) D:9
 Shoals (0/4) Lair:2        Snake (0/4) Lair:3        Slime (0/5) Lair:6
    Orc (0/2) D:11         Vaults (0/5) D:13          Sewer (visited)
Ossuary (visited)           IceCv (visited)         Volcano (visited)

Altars:
Ashenzari
Cheibriados
Dithmenos
Elyvilon
Fedhas
Gozag
Hepliaklqana
Kikubaaqudgha
Makhleb
Nemelex Xobeh
Okawaru
Qazlal
Ru
Sif Muna
Trog
Uskayaw
Vehumet
Wu Jian
Xom
Yredelemnul
Zin
The Shining One
Beogh
Jiyva

Shops:
D:8 ?

Annotations:
D:13 Maurice


Innate Abilities, Weirdness & Mutations

You cannot be hasted, slowed, berserked, paralysed or teleported.
You can dig through walls and to a lower floor.
You have a pair of large antennae on your head. (SInv)
Your four strong arms can wield two-handed weapons with a shield.


Message History

You throw a javelin. The javelin pierces through the orc.
The orc is heavily wounded.
The javelin pierces through Maurice!!
Maurice is moderately wounded.
You block the orc priest's attack.
Unknown command.
Throw: 7 javelins
Press: ? - help, Q - select action, (/) - cycle Shift-Dir - straight line, f/p - Maurice
Aim: Maurice, wielding a +0 short sword, wearing a +0 cloak and carrying a wand of flame (21) (moderately wounded, 65% to hit)
You throw a javelin. The javelin pierces through the orc!!!
You kill the orc!
The javelin pierces through Maurice!!
Maurice is almost dead.
The orc priest calls down the wrath of Beogh upon you.
Beogh smites you!
* * * LOW HITPOINT WARNING * * *
You can now pass through a line of other dancers. 2 humans come into view.
The human shouts! x2
A human comes into view.
The orc priest hits you but does no damage.
Found a gate to the Vaults.
Found a stone staircase leading up.
Unknown command.
The orc priest invokes the aid of Beogh against you.
You resist with some effort.
Maurice zaps a wand.
The puff of flame hits you. You resist.
* * * LOW HITPOINT WARNING * * *
Found a stone staircase leading down and a stone staircase leading up.
Unknown command.
A human comes into view.
You extend your mandibles.
You dig through the rock wall.
The orc priest calls down the wrath of Beogh upon you.
Beogh smites you!
* * * LOW HITPOINT WARNING * * *
Unknown command.
You feel better.
The orc priest invokes the aid of Beogh against you.
Beogh smites you!
You die...

#............^.
##..)...........
#....)...####(.. #....><..
####.....####...##....<∩...
#............>...........
#.................p......
#..##.##..........p†))...
##.#8.8#.##...##{{...)..
#.......##...@#{.......
#..#8†8#.#....#..(.#
##.##.##.#....##o..# {
##.......#....##.@.##
...........#.).......p#.
$..........'.)..)..°..)).
...........#.........##)...
...........#.........# ...(
..##....##.##...##........(


You could see Maurice, a human and an orc priest (inner flame).

Vanquished Creatures
  Rupert (D:13)
  Gastronok (Lair:1)
  Nessos (Lair:5)
  A great orb of eyes (D:13)
  Fannar (Lair:3)
  2 boulder beetles
  4 hydras
  A catoblepas (Lair:2)
  4 centaur warriors
  8 death yaks (Lair:5)
  2 two-headed ogres
  5 skeletal warriors (D:13)
  The ghost of bisexualwizard the Cleaver, a novice HOFi of Kikubaaqudgha (D:6)
  A wizard (Volcano)
  Pikel (D:9)
  A necromancer (IceCv)
  5 cyclopes
  3 salamanders (Volcano)
  4 elephants (Lair:6)
  2 ice statues (IceCv)
  6 black mambas
  A merfolk siren (Lair:2)
  7 gargoyles
  10 cane toads
  5 molten gargoyles (Volcano)
  Maggie (D:7)
  3 rime drakes
  7 ice devils (IceCv)
  8 komodo dragons
  3 meliai (D:13)
  2 trolls
  A merfolk (Lair:2)
  7 polar bears (Lair:6)
  4 hornets (Lair:6)
  3 slime creatures (D:12)
  3 dream sheep
  Sigmund (D:2)
  3 wyverns
  15 spriggans (Lair:6)
  A shadow (D:9)
  A vampire (D:12)
  3 wraiths
  2 basilisks
  27 yaks
  A steam dragon (Lair:3)
  11 humans (D:13)
  2 swamp worms (Lair:1)
  4 nagas (Lair:3)
  3 vampire mosquitoes (D:10)
  21 water moccasins
  Duvessa (D:4)
  An acid dragon (D:13)
  4 orc warriors
  A necrophage (D:7)
  2 ice beasts
  5 black bears
  23 wolves
  4 boggarts (Lair:6)
  15 centaurs
  3 ogres
  3 lemures (D:9)
  A phantom (D:6)
  5 kobold brigands
  6 elf zombies (Ossuary)
  11 bullfrogs
  4 gnoll sergeants
  Dowan (D:4)
  5 scorpions
  A water moccasin skeleton (D:7)
  5 howler monkeys
  4 wights (D:8)
  2 electric eels (Lair:2)
  5 centaur zombies
  3 draconian simulacra (IceCv)
  A bullfrog skeleton (D:7)
  2 hounds
  3 human zombies (Ossuary)
  5 orc priests
  2 gnoll shamans
  3 jellies (D:5)
  Natasha (twice) (D:2)
  Terence (D:3)
  3 iguanas
  12 orc wizards
  A spriggan simulacrum (IceCv)
  A troll simulacrum (IceCv)
  A killer bee zombie (D:9)
  3 mummies (Ossuary)
  Robin (D:2)
  A howler monkey skeleton (D:7)
  2 howler monkey zombies
  18 gnolls
  4 ogre simulacra (IceCv)
  2 adders
  A naga simulacrum (IceCv)
  6 worms
  2 dart slugs
  47 orcs
  3 bats
  4 endoplasms
  3 giant cockroaches
  10 hobgoblins
  7 jackals
  12 kobolds
  5 quokkas
  7 ball pythons
  A frilled lizard (D:2)
  14 goblins
  4 rats
524 creatures vanquished.

Vanquished Creatures (others)
  10 fungi
  20 plants
30 creatures vanquished.

Grand Total: 554 creatures vanquished

Notes
Turn   | Place    | Note
-------+----------+-------------------------------------------
     0 | D:1      | mandarbmax the Formicid Fighter began the quest for the
                  | Orb.
     0 | D:1      | Reached XP level 1. HP: 18/18 MP: 1/1
   267 | D:1      | Reached XP level 2. HP: 24/24 MP: 2/2
   587 | D:1      | Found a faded altar of an unknown god.
   910 | D:1      | Reached skill level 3 in Axes
   910 | D:1      | Reached XP level 3. HP: 29/29 MP: 3/3
  1108 | D:2      | Noticed Sigmund
  1127 | D:2      | Killed Sigmund
  1128 | D:2      | Reached skill level 5 in Axes
  1128 | D:2      | Reached XP level 4. HP: 33/35 MP: 4/4
  1128 | D:2      | Reached XP level 5. HP: 39/41 MP: 5/5
  1337 | D:2      | Noticed Natasha
  1349 | D:2      | Killed Natasha
  1350 | D:2      | Reached XP level 6. HP: 38/47 MP: 6/6
  1450 | D:2      | Noticed Natasha
  1461 | D:2      | Killed Natasha
  1614 | D:2      | Reached skill level 6 in Axes
  1763 | D:2      | Noticed Robin
  1790 | D:2      | Killed Robin
  2260 | D:3      | Found a glowing drain.
  2294 | Sewer    | Entered a sewer
  2498 | Sewer    | Reached skill level 7 in Axes
  2498 | Sewer    | Reached XP level 7. HP: 28/52 MP: 7/7
  3186 | D:3      | Noticed Terence
  3193 | D:3      | Killed Terence
  3764 | D:4      | Reached skill level 8 in Axes
  3789 | D:4      | Noticed Duvessa
  3790 | D:4      | Noticed Dowan
  4016 | D:3      | Reached XP level 8. HP: 35/58 MP: 8/8
  4198 | D:4      | Killed Duvessa
  4206 | D:4      | Killed Dowan
  4207 | D:4      | Reached skill level 9 in Axes
  4942 | D:4      | Identified the Tome of the Dusty Frostbite
  4965 | D:5      | Entered Level 5 of the Dungeon
  5186 | D:5      | Reached skill level 10 in Axes
  5522 | D:5      | Reached XP level 9. HP: 55/65 MP: 9/9
  6001 | D:5      | Reached skill level 5 in Shields
  6239 | D:6      | Found a blossoming altar of Fedhas.
  6702 | D:6      | Found a transporter.
  6702 | D:6      | Found a transporter.
  6709 | D:6      | Reached skill level 5 in Fighting
  6712 | D:6      | Reached skill level 5 in Armour
  7283 | D:6      | Identified the amulet "Goeskai" {Spirit Rampage rElec rC+
                  | Str-5}
  7829 | D:7      | Noticed Maggie
  7856 | D:7      | Killed Maggie
  7934 | D:7      | Found a staircase to the Ecumenical Temple.
  7942 | Temple   | Entered the Ecumenical Temple
  8019 | D:7      | Reached XP level 10. HP: 76/76 MP: 10/10
  8034 | D:7      | Found a glowing golden altar of the Shining One.
  8103 | D:7      | Found a sand-covered staircase.
  8186 | Ossuary  | Entered an ossuary
  9247 | D:8      | Found Buutsil's Magic Scroll Shoppe.
  9256 | D:8      | Bought a scroll of enchant weapon for 105 gold pieces
  9256 | D:8      | Bought a scroll of enchant armour for 105 gold pieces
  9537 | D:9      | Found a staircase to the Lair.
 10063 | D:9      | Found a broken altar of Ashenzari.
 10179 | D:9      | Noticed Pikel
 10193 | D:9      | Killed Pikel
 10194 | D:9      | Reached XP level 11. HP: 76/87 MP: 9/11
 10264 | D:9      | Noticed a two-headed ogre
 10275 | D:9      | Killed a two-headed ogre
 10514 | D:10     | Entered Level 10 of the Dungeon
 10541 | D:10     | Noticed a two-headed ogre
 10544 | D:10     | Killed a two-headed ogre
 10545 | D:10     | Reached skill level 10 in Shields
 10625 | D:10     | Noticed a centaur warrior
 10635 | D:10     | Killed a centaur warrior
 10899 | D:10     | Found a hide-covered altar of Uskayaw.
 10902 | D:10     | Became a worshipper of Uskayaw the Reveller
 10930 | D:10     | Found a runed translucent door.
 10959 | D:10     | Reached * piety under Uskayaw
 11083 | D:10     | Reached ** piety under Uskayaw
 11158 | D:10     | Reached *** piety under Uskayaw
 11301 | D:10     | Found a sacrificial altar of Ru.
 11426 | D:10     | Found a stormy altar of Qazlal.
 11428 | D:10     | Found an iron altar of Okawaru.
 11428 | D:10     | Found a sparkling altar of Nemelex Xobeh.
 11428 | D:10     | Found an opulent altar of Gozag.
 11942 | D:10     | Reached **** piety under Uskayaw
 11953 | D:10     | Reached ***** piety under Uskayaw
 11955 | D:10     | Identified the +5 spear of Pain and Death {vorpal, rElec
                  | Int+5 Dex+2}
 12171 | D:6      | Noticed bisexualwizard's ghost (novice HOFi)
 12178 | D:6      | Killed bisexualwizard's ghost
 12179 | D:6      | Reached skill level 10 in Armour
 12257 | D:6      | Reached skill level 10 in Fighting
 12504 | Lair:1   | Entered Level 1 of the Lair of Beasts
 12514 | Lair:1   | Reached skill level 1 in Throwing
 12639 | Lair:1   | Reached skill level 1 in Invocations
 13164 | Lair:1   | Noticed Gastronok
 13183 | Lair:1   | Killed Gastronok
 13184 | Lair:1   | Reached skill level 5 in Throwing
 13184 | Lair:1   | Reached XP level 12. HP: 72/97 MP: 10/15
 13350 | Lair:1   | Reached skill level 5 in Invocations
 14259 | Lair:2   | Found a staircase to the Shoals.
 14385 | Lair:2   | Noticed a catoblepas
 14397 | Lair:2   | Killed a catoblepas
 14427 | Lair:2   | Found a dark tunnel.
 14432 | Volcano  | Entered a volcano
 14889 | Volcano  | Noticed an orb of fire
 15207 | Volcano  | Reached skill level 10 in Throwing
 15354 | Volcano  | Reached XP level 13. HP: 103/103 MP: 19/19
 15407 | Volcano  | Noticed an orb of fire
 15419 | Volcano  | Identified the +0 hat of Dust Devil {rCorr Str+5}
 16235 | Lair:3   | Found a staircase to the Snake Pit.
 16533 | Lair:3   | Noticed Fannar
 16544 | Lair:3   | Killed Fannar
 16614 | Lair:3   | Noticed an eight-headed hydra
 16622 | Lair:3   | Killed a seven-headed hydra
 16739 | Lair:3   | Noticed a four-headed hydra
 16748 | Lair:3   | Killed a four-headed hydra
 17248 | Lair:4   | Noticed a five-headed hydra
 17255 | Lair:4   | Killed a four-headed hydra
 18196 | Lair:5   | Noticed Nessos
 18199 | Lair:5   | Killed Nessos
 18203 | Lair:5   | Reached skill level 11 in Axes
 18203 | Lair:5   | Reached XP level 14. HP: 42/110 MP: 20/20
 18215 | Lair:5   | Found a frozen archway.
 18312 | IceCv    | Entered an ice cave
 19308 | IceCv    | Identified a scroll of acquirement
 19470 | Lair:5   | Reached skill level 12 in Axes
 19488 | Lair:5   | Reached ****** piety under Uskayaw
 19639 | Lair:5   | Found a basalt altar of Yredelemnul.
 19997 | Lair:6   | Entered Level 6 of the Lair of Beasts
 20122 | Lair:6   | Reached skill level 13 in Axes
 20840 | Lair:6   | Reached skill level 14 in Axes
 21028 | Lair:6   | Reached skill level 10 in Invocations
 21054 | Lair:6   | Reached XP level 15. HP: 107/115 MP: 17/22
 21661 | Lair:6   | Found a viscous altar of Jiyva.
 21661 | Lair:6   | Found a staircase to the Slime Pits.
 22275 | D:11     | Found a staircase to the Orcish Mines.
 22449 | D:11     | Reached skill level 15 in Axes
 23182 | D:12     | You fall into a shaft and drop 1 floor!
 23330 | D:13     | Noticed Rupert
 23338 | D:13     | Killed Rupert
 23338 | D:13     | Noticed Maurice
 23341 | D:13     | Found a gate to the Vaults.
 23344 | D:13     | HP: 2/122 [orc priest/divine providence (13)]
 23345 | D:13     | Killed from afar by an orc priest

Illustrated notes

Levels and vault maps discovered:
D:1:      psy_arrival_radial01, layout_basic, serial_co_window_serial,
          co_window_corner_a, co_window_corner_a, co_window_paths_a,
          co_window_of_opportunity_a, co_window_paths_b,
          co_window_unsneaky_path_b, co_window_of_opportunity_c,
          co_window_broadway_b, co_window_unsneaky_path_d, co_window_corner_b,
          co_window_unsneaky_path_a, glass_columns_a, glass_columns_b,
          glass_columns_c, glass_columns_a,
          hellmonk_ecumenical_altar_inner_sanctum, minmay_door_square
D:2:      layout_loops_ring, uniq_natasha, uniq_sigmund, uniq_robin
D:3:      layout_basic, portal_sewer_entry_a, uniq_terence
D:4:      layout_rooms, st_stairs_4, grunt_ministairs_2, uniq_duvessa
D:5:      layout_gridville
D:6:      layout_basic, amcnicky_altar_gilded, gammafunk_ghost_gnarly_gnolls
D:7:      layout_basic, nicolae_overflow_crystal_walls,
          minmay_temple_entry_proselytizer,
          nicolae_ossuary_entry_false_entrances, uniq_maggie
D:8:      layout_basic, serial_shops, shop, kennysheep_cluttered_room,
          minmay_between
D:9:      layout_roguey, evilmike_ruin_ashenzari, lair_entry_dummy, uniq_pikel
D:10:     layout_loops_corners, marbit_many_paths, nicolae_ru_awakened_eye,
          minitemple, lightli_church_of_beogh
D:11:     layout_irregular_city, orc_0_dummy, serial_park_tiny_pond,
          centaur_isle
D:12:     layout_loops_ring
D:13:     minmay_glassy_protrusions, layout_gridville, david_vaults_3,
          minmay_misc_feat_rows, small_statue_intersection,
          pdpol_wu_jian_five_deadly_venoms, uniq_maurice
Temple:   nicolae_temple_god_jail
Lair:1:   layout_chaotic_city, worms_lemuel, grunt_megastairs_3, uniq_gastronok
Lair:2:   layout_long_grid, elwin_shoals_entry_rooms,
          nicolae_volcano_entry_lava_flow, lemuel_fruit_fields,
          grunt_megastairs_1
Lair:3:   layout_loops_ring, minmay_snake_entry_guardpost_small, uniq_fannar
Lair:4:   nzn_winding_woodlands_small [nzn_winding_woodlands_5x15_split_checker,
          nzn_winding_woodlands_center_diamonds,
          nzn_winding_woodlands_5x15_longhouse], layout_regular_city
Lair:5:   layout_regular_city, portal_ice_cave_entry_pillars_2, basic_altar,
          grunt_megastairs_2, uniq_nessos
Lair:6:   minmay_lair_end_enchanted_forest, layout_gridlike,
          dpeg_slime_entry_enclosed_altar

Skill      XL: |  1  2  3  4  5  6  7  8  9 10 11 12 13 14 15 |
---------------+----------------------------------------------+-----
Shields        | 4 6 9 11 | 11.0
Axes           | 3 5 7 8 10 11 14 15 | 15.0
Fighting       | 6 8 10 12 | 12.8
Armour         | 6 8 10 12 | 12.0
Throwing       | 5 10 13 | 13.0
Invocations    | 4 8 9 10 | 10.0

Action                   |  1- 3 |  4- 6 |  7- 9 | 10-12 | 13-15 || total
-------------------------+-------+-------+-------+-------+-------++-------
Melee: War axe           |    68 |   108 |   315 |       |       ||   491
       Broad axe         |       |       |     8 |   459 |   393 ||   860
Throw: Dart              |       |       |    16 |    16 |     3 ||    35
       Boomerang         |       |       |       |    67 |   337 ||   404
       Javelin           |       |       |       |       |     2 ||     2
Invok: Line Pass         |       |       |       |     2 |     1 ||     3
       Stomp             |       |       |       |       |     1 ||     1
       Grand Finale      |       |       |       |       |     4 ||     4
 Abil: Dig               |     1 |     2 |     3 |     8 |    11 ||    25
Evoke: Wand              |       |       |       |       |     1 ||     1
  Use: Potion            |     4 |       |    10 |     6 |     3 ||    23
       Scroll            |       |     4 |    10 |    11 |     9 ||    34
 Stab: Invisible         |       |       |     4 |       |       ||     4
       Paralysed         |       |       |       |    15 |    35 ||    50
       Confused          |       |       |       |     1 |       ||     1
Armor: Chain mail        |    36 |    44 |    91 |   111 |    90 ||   372
       Skin              |     6 |       |     9 |       |       ||    15
Dodge: Dodged            |    16 |    20 |   108 |   110 |    84 ||   338
Block: Kite shield       |    38 |    56 |   160 |   252 |   290 ||   796
       Reflection        |       |       |       |     8 |    39 ||    47

Table legend: (Time is in decaauts)
 A = Elapsed time spent in this place.
 B = Non-inter-level travel time spent in this place.
 C = Inter-level travel time spent in this place.
 D = Time resting spent in this place.
 E = Time spent auto-exploring this place.
 F = Levels seen in this place.
 G = Mean time per level.
                   A        B        C        D        E       F      G
               +--------+--------+--------+--------+--------+-----+--------+
         Total |  23574 |  22340 |   1234 |   3395 |  14523 |  24 |  982.2 |
       Dungeon |  13624 |  12723 |    901 |   1533 |   8885 |  13 | 1048.0 |
        Temple |     47 |     47 |      0 |      0 |      0 |   1 |   47.0 |
          Lair |   6851 |   6518 |    333 |    767 |   4648 |   6 | 1141.8 |
         Sewer |    729 |    729 |      0 |    138 |    407 |   1 |  729.0 |
       Ossuary |    250 |    250 |      0 |      0 |     98 |   1 |  250.0 |
      Ice Cave |    997 |    997 |      0 |    387 |    240 |   1 |  997.0 |
       Volcano |   1074 |   1074 |      0 |    570 |    245 |   1 | 1074.0 |
               +--------+--------+--------+--------+--------+-----+--------+

Top non-repeatable levels by time:
     D:6: 1755 daAuts
  Lair:6: 1693 daAuts
    D:10: 1639 daAuts
     D:3: 1475 daAuts
  Lair:1: 1367 daAuts
     D:9: 1333 daAuts
     D:5: 1308 daAuts
     D:2: 1181 daAuts
 Volcano: 1074 daAuts
     D:1: 1062 daAuts
    D:11: 1052 daAuts
   IceCv: 997 daAuts
  Lair:4: 996 daAuts
  Lair:3: 988 daAuts
  Lair:2: 958 daAuts
